 Dungeon Sprint DCSS version 0.29.0 (webtiles) character file.

Game seed: 4165142464171301173

8466 enile the Warrior (level 11, -7/139 HPs)
             Began as an Ogre Fire Elementalist on Aug 25, 2022.
             Was the Champion of Vehumet.
             Killed from afar by a quicksilver elemental (34 damage)
             ... with a bolt of dispelling energy
             ... in the Dungeon (Sprint V: "Ziggurat Sprint").
             The game lasted 00:13:00 (1103 turns).

enile the Warrior (Ogre Fire Elementalist)          Turns: 1103, Time: 00:13:01

Health: -7/139     AC: 20    Str: 26    XL:     11   Next: 31%
Magic:  27/27      EV:  8    Int: 20    God:    Vehumet [******]
Gold:   0          SH:  0    Dex:  9    Spells: 33/34 levels left

rFire   + . .      SeeInvis .   Y - +5 lochaber axe {reach-cleave, poleaxe}
rCold   + . .      Faith    .   (shield currently unavailable)
rNeg    . . .      Spirit   .   A - +5 gold dragon scales
rPois   +          Reflect  .   (helmet restricted)
rElec   .          Harm     .   W - +1 cloak of Starlight {*Dazzle EV+4 Stlth--}
rCorr   .          Rampage  .   (gloves unavailable)
Will    +....      NoTele   +   (boots unavailable)
Stlth   ..........              T - amulet of regeneration
HPRegen 1.13/turn               w - +6 ring of strength
MPRegen 0.20/turn               v - +6 ring of strength

@: corroded, hasted (expiring), very quick
A: large, unfitting armour, tough skin 1
a: Renounce Religion


You were in the Dungeon.
You worshipped Vehumet.
Vehumet was exalted by your worship.
You visited 1 branch

Inventory:

Hand Weapons
 k - a +5 executioner's axe
 C - the +6 Majin-Bo {vamp, MP+6 Int+6}
   (You found it in the Dungeon)

   It heals its wielder for a portion of the damage dealt when they wound a
   living foe with it or with a spell.
   Its wielder's spells cost health as well as magical power.
   Int:       It affects your intelligence (+6).
   MP:        It affects your magic capacity (+6).
 E - the +9 heavy crossbow "Sniper" {vorpal, Acc+∞ SInv}
   (You found it in the Dungeon)

   Any ammunition fired from it inflicts extra damage upon your enemies.
   Any ammunition fired from it never misses its target.
   SInv:      It lets you see invisible.
 F - the +7 great mace "Firestarter" {inner flame, rF++}
   (You found it in the Dungeon)

   It burns those it strikes, dealing additional fire damage.
   It fills those it strikes with an explosive inner flame.
   It grants immunity to clouds of flame.
   rF:        It greatly protects you from fire.
 G - a +5 giant spiked club
 H - a +1 vorpal broad axe
 I - a +5 great sword of electrocution
 R - the +5 spear of the Endless Runes {freeze, *Noise rPois Int+8}
   (You found it in the Dungeon)

   It freezes those it strikes, dealing additional cold damage.
   It can also slow down cold-blooded creatures.
   Int:       It affects your intelligence (+8).
   rPois:     It protects you from poison.
   *Noise:    It may make noises in combat.
 S - the +3 shortbow of Tartarus {flame, Fly rElec SInv Stlth-}
   (You found it in the Dungeon)

   Any ammunition fired from it burns those it strikes, dealing additional fire
   damage.
   rElec:     It insulates you from electricity.
   SInv:      It lets you see invisible.
   Fly:       It grants you flight.
   Stlth:     It makes you less stealthy.
 Y - the +5 lochaber axe (weapon) {reach-cleave, poleaxe}
   (You found it in the Dungeon)

   It can be evoked to extend its reach, and strikes at all foes within reach,
   dealing less damage to those not targeted.
   It uses either Axes or Polearms skill, whichever is higher.
Armour
 a - a +0 robe
 A - +5 gold dragon scales (worn)
 D - the +18 shield of the Gong {rElec rN+ Will+ EV-5}
   (You found it in the Dungeon)

   It is deafeningly noisy when blocking attacks.
   EV:        It affects your evasion (-5).
   rElec:     It insulates you from electricity.
   rN:        It protects you from negative energy.
   Will:      It increases your willpower.
 V - a +2 robe of cold resistance
 W - the +1 cloak of Starlight (worn) {*Dazzle EV+4 Stlth--}
   (You found it in the Dungeon)

   It may blind those who miss an attack against the wearer in melee combat.
   EV:        It affects your evasion (+4).
   Stlth:     It makes you much less stealthy.
Magical Staves
 K - a staff of fire
 M - a staff of cold
 O - a staff of earth
Jewellery
 q - a ring of flight
 r - a +6 ring of dexterity
 s - a +6 ring of dexterity
 t - a +6 ring of intelligence
 u - a +6 ring of intelligence
 v - a +6 ring of strength (right hand)
 w - a +6 ring of strength (left hand)
 J - the necklace of Bloodlust {*Rage Will++ Int-3 Slay+6}
   (You found it in the Dungeon)

   [amulet of nothing]

   It extends the wearer's berserk rage when killing foes.
   Int:       It affects your intelligence (-3).
   Slay:      It affects your accuracy & damage with ranged weapons and melee
   (+6).
   *Rage:     It berserks you when you make melee attacks (+50% chance).
   Will:      It greatly increases your willpower.
 N - an amulet of faith
 T - an amulet of regeneration (around neck)
 U - the ring "Uclegepn" {Fire rPois Dex-5 Slay+4 SInv}
   (You acquired it in the Dungeon)

   [ring of fire]

   It enhances your fire magic.
   Dex:       It affects your dexterity (-5).
   Slay:      It affects your accuracy & damage with ranged weapons and melee
   (+4).
   rF:        It protects you from fire.
   rC:        It makes you vulnerable to cold.
   rPois:     It protects you from poison.
   SInv:      It lets you see invisible.
 X - the ring "Hank" {rF+++ MP+9 Str+4 Int-2 Slay+4}
   (You found it in the Dungeon)

   [ring of slaying]

   Str:       It affects your strength (+4).
   Int:       It affects your intelligence (-2).
   Slay:      It affects your accuracy & damage with ranged weapons and melee
   (+4).
   rF:        It renders you almost immune to fire.
   MP:        It affects your magic capacity (+9).
Wands
 x - a wand of mindburst (6)
 y - a wand of iceblast (4)
Scrolls
 g - 2 scrolls of blinking
 m - 4 scrolls of amnesia
 n - 3 scrolls of butterflies
 o - 5 scrolls of identify
 p - a scroll of fear (quivered)
 P - 4 scrolls of enchant weapon
 Q - a scroll of brand weapon
Potions
 b - 8 potions of magic
 c - 9 potions of curing
 d - a potion of heal wounds
 e - 3 potions of haste
 f - 3 potions of berserk rage
 h - 2 potions of brilliance
 j - 4 potions of resistance
 l - 4 potions of might
Miscellaneous
 B - a lightning rod (4/4)
 L - a condenser vane (inert)


   Skills:
 - Level 17.0 Fighting
 - Level 5.0 Maces & Flails
 - Level 8.0 Armour
 - Level 6.0 Dodging
 - Level 2.2 Stealth
 - Level 12.0 Spellcasting
 - Level 2.0 Conjurations
 - Level 3.3 Fire Magic
 - Level 10.0 Ice Magic
 + Level 11.5 Evocations


You had 33 spell levels left.
You knew the following spells:

 Your Spells              Type           Power      Damage    Failure   Level
a - Foxfire               Conj/Fire      88%        2x1d8     24%         1

Your spell library contained the following spells:

 Spells                   Type           Power      Damage    Failure   Level
 Lightning Bolt           Conj/Air       8%         1d20      100%        5
 Scorch                   Fire           50%        2d8       26%         2
 Static Discharge         Conj/Air       16%        3-5/arc   54%         2
 Conjure Flame            Conj/Fire      22%        6-21      54%         3
 Inner Flame              Hex/Fire       18%        N/A       67%         3
 Dazzling Flash           Conj/Hex       32%        N/A       75%         3
 Mephitic Cloud           Conj/Pois/Air  14%        N/A       80%         3
 Flame Wave               Conj/Fire      22%        2d8       89%         4
 Sticky Flame             Conj/Fire      22%        2d4       89%         4
 Slow                     Hex            48%        N/A       95%         1
 Fulminant Prism          Conj/Hex       8%         3d7       98%         4
 Iskenderun's Mystic Bla  Conj/Tloc      16%        2d5       98%         4
 Summon Ice Beast         Ice/Summ       32%        N/A       98%         4
 Airstrike                Air            6%         2d(1-17)  99%         4
 Dispel Undead            Necr           12%        3d9       100%        4
 Lee's Rapid Deconstruct  Erth           6%         3d7*      100%        5
 Silence                  Hex/Air        6%         N/A       100%        5
 Summon Mana Viper        Hex/Summ       12%        N/A       100%        5
 Yara's Violent Unravell  Hex/Tmut       6%         3d5       100%        5
 Monstrous Menagerie      Summ           6%         N/A       100%        7
 Storm Form               Tmut/Air       6%         N/A       100%        7
 Polar Vortex             Ice            25%        N/A       100%        9


Dungeon Overview and Level Annotations

Branches:
Dungeon (1/1)

Altars:
Ashenzari
Cheibriados
Dithmenos
Elyvilon
Fedhas
Gozag
Hepliaklqana
Kikubaaqudgha
Makhleb
Nemelex Xobeh
Okawaru
Qazlal
Ru
Sif Muna
Trog
Uskayaw
Vehumet
Wu Jian
Xom
Yredelemnul
Zin
The Shining One
Jiyva
Lugonu

Annotations:
D 1 transporter


Innate Abilities, Weirdness & Mutations

You are too large for most types of armour.
You have tough skin. (AC +1)


Message History

* * * LOW HITPOINT WARNING * * *
The ancient champion casts a spell.
The ancient champion seems to speed up.
Your butterfly is engulfed in freezing vapours.
You kill your butterfly!
Your butterfly disappears in a burst of colours!
Your butterfly is engulfed in freezing vapours.
You kill your butterfly!
Your butterfly disappears in a burst of colours!
Blink to where?
Press: ? - help, Dir - move target
Found five items.
Found a transporter.
As you read the scroll of blinking, it crumbles to dust.
The ancient champion is no longer blind.
The ancient champion is engulfed in freezing vapours.
The hellion is engulfed in freezing vapours.
Your butterfly is engulfed in freezing vapours.
You kill your butterfly!
Your butterfly disappears in a burst of colours!
The iron dragon is engulfed in freezing vapours.
The ancient champion is engulfed in freezing vapours. x2
Press: ? - help, v - describe, . - travel, g - get item Item here: a book of Fire.
The floor.
Okay, then.
Press: ? - help, v - describe, . - travel, g - get item Item here: a book of Fire.
The floor.
Okay, then.
Okay, then.
Unknown command.
Okay, then.
Okay, then.
Unknown command.
You feel yourself speed up.
The caustic shrike is engulfed in freezing vapours.
The quicksilver elemental breathes dispelling energy at you.
The bolt of dispelling energy hits you!!
Your magical effects are unravelling.
You die...

▓....O....▓.....).▓
▓...p.....▓...)...▓
▓.........▓.......▓
▓.▓.....▓.▓.▓)..▓.▓
▓....©....▓...©)..▓
▓▓▓▓▓▓▓▓▓▓▓▓▓▓▓▓▓▓▓▓▓
▓...8©8...▓...8©8...▓
▓..|}!:)..▓..[}[....▓
▓..}[@}=..▓...[=)...▓
▓...§§§...▓.........▓
▓..§.D§§..▓.........▓
▓.EzzD☼§..▓........)▓
▓..§§r2§..▓.........▓
▓..§.zb...▓......)).▓
▓.▓§§§b.▓.▓....©....▓
▓..§§©....▓▓▓▓▓▓▓▓▓▓▓
▓▓▓▓▓▓▓▓▓▓▓


You could see 2 iron dragons, a caustic shrike (blind), a quicksilver elemental
(catching breath), 3 ancient champions, a crystal echidna (ally target) and a
hellion.

Vanquished Creatures
  A vault warden (D)
  A war gargoyle (D)
  A vault guard (D)
  A dancing weapon (D)
  A spriggan druid (D)
  A deep elf archer (D)
  A deep elf pyromancer (D)
  2 deep elf zephyrmancers (D)
  2 smoke demons (D)
  A hellwing (D)
  A red devil (D)
  5 merfolk (D)
  A ynoxinul (D)
  3 spriggans (D)
  A fire elemental (D)
  A yak (D)
  A chaos spawn (D)
  A naga (D)
  A water moccasin (D)
  A hell hound (D)
  3 wolves (D)
  A bullfrog (D)
  A crimson imp (D)
  3 quasits (D)
  2 iron imps (D)
  An adder (D)
  A shadow imp (D)
  A white imp (D)
  An adder skeleton (D)
  2 bat zombies (D)
  A jackal (D)
  A ball python (D)
  A ball python zombie (D)
  A quokka skeleton (D)
48 creatures vanquished.

Vanquished Creatures (others)
  An ufetubus (D)
1 creature vanquished.

Grand Total: 49 creatures vanquished

Notes
Turn   | Place    | Note
-------+----------+-------------------------------------------
     0 | D        | enile the Ogre Fire Elementalist began the quest for the
                  | Orb.
     0 | D        | Reached XP level 1. HP: 16/16 MP: 3/3
     0 | D        | Found a shimmering blue altar of Sif Muna.
     0 | D        | Found a sacrificial altar of Ru.
     0 | D        | Found a bloodstained altar of Trog.
     0 | D        | Found a stormy altar of Qazlal.
     0 | D        | Found an iron altar of Okawaru.
     0 | D        | Found a sparkling altar of Nemelex Xobeh.
     0 | D        | Found a blossoming altar of Fedhas.
     0 | D        | Found the +6 Majin-Bo {vamp, MP+6 Int+6}
     0 | D        | Found the +9 heavy crossbow "Sniper" {vorpal, Acc+∞ SInv}
     0 | D        | Found the +10 dark maul {vorpal}
     0 | D        | Found the +15 Maxwell's patent armour {-Cast -Tele rElec
                  | Will+ rCorr}
     0 | D        | Found the +18 shield of the Gong {rElec rN+ Will+ EV-5}
     0 | D        | Found the +14 obsidian axe {vorpal, Mesm Drain Fly SInv}
     0 | D        | Found the +7 great mace "Firestarter" {inner flame, rF++}
     0 | D        | Found the +6 shillelagh "Devastator" {shatter}
     0 | D        | Found the +11 plutonium sword {Contam Stlth-}
     0 | D        | Found the +8 lance "Wyrmbane" {slay drac, rPois rF+ rC+
                  | AC+3}
     0 | D        | Found the +9 sword of Zonguldrok {reap}
     0 | D        | Found the +13 scythe of Curses {drain, Drain}
     0 | D        | Found the +5 sword of Power {vorpal}
     0 | D        | Found the +7 mace of Variability {chain chaos}
     0 | D        | Found the +7 Singing Sword {vorpal, sonic wave}
     0 | D        | Found the +8 storm bow {elec, penet}
     2 | D        | Found a transporter.
     2 | D        | Found an ancient bone altar of Kikubaaqudgha.
     2 | D        | Found a viscous altar of Jiyva.
     2 | D        | Found a corrupted altar of Lugonu.
     2 | D        | Found a hazy altar of Hepliaklqana.
     2 | D        | Found a burning altar of Makhleb.
     2 | D        | Found an opulent altar of Gozag.
    35 | D        | Became a worshipper of Vehumet
    74 | D        | Reached skill level 6 in Fighting
    74 | D        | Reached XP level 2. HP: 37/37 MP: 5/5
   101 | D        | Entered arena 2.
   101 | D        | Found a transporter.
   105 | D        | Reached skill level 1 in Conjurations
   175 | D        | Entered arena 3.
   175 | D        | Found a transporter.
   177 | D        | Reached * piety under Vehumet
   177 | D        | Offered knowledge of Magic Dart by Vehumet.
   178 | D        | Reached XP level 3. HP: 45/45 MP: 5/7
   180 | D        | Reached skill level 8 in Fighting
   180 | D        | Reached XP level 4. HP: 58/58 MP: 6/9
   183 | D        | Reached skill level 9 in Fighting
   214 | D        | Entered arena 4.
   214 | D        | Found the necklace of Bloodlust {*Rage Will++ Int-3 Slay+6}
   214 | D        | Noticed a wolf
   214 | D        | Noticed a yak
   214 | D        | Noticed a bullfrog
   214 | D        | Found a transporter.
   216 | D        | Reached ** piety under Vehumet
   217 | D        | Killed a bullfrog
   218 | D        | Reached skill level 10 in Fighting
   218 | D        | Reached XP level 5. HP: 68/68 MP: 10/10
   218 | D        | Killed a wolf
   219 | D        | Reached skill level 5 in Maces & Flails
   219 | D        | Reached XP level 6. HP: 77/78 MP: 10/12
   219 | D        | Killed a yak
   220 | D        | Reached skill level 11 in Fighting
   271 | D        | Entered arena 5.
   271 | D        | Noticed a naga
   271 | D        | Noticed a water moccasin
   271 | D        | Found a transporter.
   272 | D        | Reached *** piety under Vehumet
   273 | D        | Killed a water moccasin
   274 | D        | Reached skill level 13 in Fighting
   274 | D        | Reached XP level 7. HP: 93/93 MP: 17/17
   278 | D        | Killed a naga
   279 | D        | Reached skill level 14 in Fighting
   353 | D        | Got the Commentary on the Enchanting Iceberg
   363 | D        | Entered arena 6.
   363 | D        | Noticed a merfolk
   363 | D        | Noticed a merfolk
   363 | D        | Noticed a merfolk
   363 | D        | Noticed a merfolk
   363 | D        | Noticed a merfolk
   363 | D        | Found a transporter.
   366 | D        | Killed a merfolk
   366 | D        | Offered knowledge of Freeze by Vehumet.
   366 | D        | Reached **** piety under Vehumet
   367 | D        | Reached skill level 15 in Fighting
   367 | D        | Killed a merfolk
   368 | D        | Reached skill level 16 in Fighting
   368 | D        | Reached XP level 8. HP: 19/110 MP: 18/18
   368 | D        | Killed a merfolk
   369 | D        | Reached skill level 17 in Fighting
   369 | D        | Killed a merfolk
   369 | D        | Killed a merfolk
   369 | D        | Reached ***** piety under Vehumet
   586 | D        | Entered arena 7.
   586 | D        | Noticed a spriggan
   586 | D        | Noticed a spriggan
   586 | D        | Noticed a spriggan
   586 | D        | Noticed a spriggan druid
   588 | D        | Killed a spriggan
   588 | D        | Offered knowledge of Stone Arrow by Vehumet.
   588 | D        | Killed a spriggan
   588 | D        | Killed a spriggan
   589 | D        | Reached skill level 5 in Armour
   589 | D        | Reached XP level 9. HP: 95/120 MP: 19/19
   589 | D        | Killed a spriggan druid
   722 | D        | Found a transporter.
   735 | D        | Got the +5 spear of the Endless Runes {freeze, *Noise rPois
                  | Int+8}
   737 | D        | Entered arena 8.
   737 | D        | Noticed a +3 battleaxe of holy wrath
   737 | D        | Noticed a deep elf pyromancer
   737 | D        | Noticed a deep elf archer
   737 | D        | Noticed a deep elf zephyrmancer
   737 | D        | Noticed a deep elf zephyrmancer
   740 | D        | Killed a deep elf zephyrmancer
   740 | D        | Offered knowledge of Ignite Poison by Vehumet.
   743 | D        | Killed a +3 battleaxe of holy wrath
   744 | D        | Reached XP level 10. HP: 106/131 MP: 21/21
   744 | D        | Killed a deep elf archer
   744 | D        | Reached ****** piety under Vehumet
   745 | D        | Killed a deep elf zephyrmancer
   747 | D        | Reached skill level 10 in Ice Magic
   756 | D        | Killed a deep elf pyromancer
   855 | D        | Found a transporter.
   873 | D        | Got the +3 shortbow of Tartarus {flame, Fly rElec SInv
                  | Stlth-}
   888 | D        | Entered arena 9.
   888 | D        | Found the +1 cloak of Starlight {*Dazzle EV+4 Stlth--}
   889 | D        | Offered knowledge of Freezing Cloud by Vehumet.
   905 | D        | Found a transporter.
   940 | D        | Entered arena 10.
   940 | D        | Found the +3 Elemental Staff {rElec rF++ rC++ AC+5}
   940 | D        | Noticed a yaktaur captain
   940 | D        | Noticed a great orb of eyes
   940 | D        | Noticed an ironbound thunderhulk
   940 | D        | Noticed a vault guard
   940 | D        | Noticed a vault warden
   940 | D        | Noticed a wizard
   940 | D        | Noticed a vault guard
   940 | D        | Noticed an ironbound preserver
   941 | D        | Acquired the ring "Uclegepn" {Fire rPois Dex-5 Slay+4 SInv}
   946 | D        | Found a transporter.
   949 | D        | HP: 6/131 [vault guard/+0 battleaxe (12)]
   955 | D        | Entered arena 11.
   955 | D        | Found the +0 pair of fencer's gloves {Riposte Dex+3}
   955 | D        | Found the +5 lochaber axe {reach-cleave, poleaxe}
   955 | D        | Noticed a smoke demon
   955 | D        | Noticed a smoke demon
   963 | D        | Found a transporter.
   965 | D        | Killed a vault guard
   969 | D        | Killed a smoke demon
   970 | D        | Reached skill level 10 in Spellcasting
   979 | D        | Killed a vault warden
   980 | D        | Reached XP level 11. HP: 54/139 MP: 25/27
   984 | D        | Reached skill level 10 in Evocations
  1069 | D        | Got the ring "Hank" {rF+++ MP+9 Str+4 Int-2 Slay+4}
  1072 | D        | Got the Parchment of the Firefly
  1089 | D        | Entered arena 12.
  1089 | D        | Noticed a crystal echidna
  1089 | D        | Noticed a caustic shrike
  1089 | D        | Noticed a war gargoyle
  1089 | D        | Noticed an ancient champion
  1090 | D        | Noticed a quicksilver elemental
  1091 | D        | Noticed an ancient champion
  1091 | D        | Noticed an ancient champion
  1091 | D        | Noticed an iron dragon
  1092 | D        | Noticed an iron dragon
  1095 | D        | Killed a war gargoyle
  1095 | D        | Offered knowledge of Lightning Bolt by Vehumet.
  1102 | D        | Found a transporter.
  1103 | D        | Killed from afar by a quicksilver elemental

Illustrated notes

Levels and vault maps discovered:
D:        sprint_v [room_start, room_1, room_2, room_3, room_4, room_5, room_6,
          room_7, room_8, room_9, room_10, room_11, room_12, room_13, room_14,
          room_15, room_16, room_17, room_18, room_19, room_20, room_21,
          room_22, room_23, room_24, room_25, room_26, room_27]

Skill      XL: |  1  2  3  4  5  6  7  8  9 10 11 |
---------------+----------------------------------+-----
Fighting       | 6 8 10 13 16 17 | 17.0
Evocations     | 4 8 9 11 | 11.5
Dodging        | 2 4 6 |  6.0
Conjurations   | 2 |  2.0
Stealth        | 2 |  2.2
Spellcasting   | 3 4 7 12 | 12.0
Fire Magic     | 3 |  3.3
Maces & Flails | 2 5 |  5.0
Armour         | 5 8 |  8.0
Ice Magic      | 6 10 | 10.0

Action                   |  1- 3 |  4- 6 |  7- 9 | 10-12 || total
-------------------------+-------+-------+-------+-------++-------
Melee: Great mace        |     4 |     5 |     6 |    12 ||    27
       Lochaber axe      |       |       |       |     2 ||     2
Evoke: Lightning rod     |     2 |     4 |     6 |    15 ||    27
       Condenser vane    |       |       |     5 |     5 ||    10
       Wand              |       |       |     2 |     9 ||    11
  Use: Potion            |     1 |       |     2 |    14 ||    17
       Scroll            |       |       |       |     8 ||     8
 Stab: Invisible         |       |       |       |     2 ||     2
Armor: Gold dragon scale |     3 |     6 |    13 |    19 ||    41
Dodge: Dodged            |     1 |       |     1 |    18 ||    20
